 Dungeon Crawl Stone Soup version 0.31-a0-246-g8cbcc1cb85 (webtiles) character file.

Game seed: 6144844140846142303

1117 dolemite99 the Grappler (level 7, -6/52 (53) HPs)
             Began as a Demigod Shapeshifter on July 12, 2023.
             Mangled by a wight
             ... wielding a +0 great sword
              (11 damage)
             ... on level 5 of the Dungeon.
             The game lasted 00:05:35 (6156 turns).

dolemite99 the Grappler (Demigod Shapeshifter)      Turns: 6156, Time: 00:05:36

HP:   -6/52 (53)    AC:  5    Str: 24    XL:     7   Next: 87%
MP:   9/9           EV: 10    Int: 10    God:
Gold: 220           SH: 10    Dex: 20    Spells: 6/6 levels left

rFire   . .          .
                       - Unarmed
rCold   . . .        x - +0 kite shield
rNeg    . . .        m - +0 ring mail
rPois   .            (helmet currently unavailable)
rElec   .            (cloak currently unavailable)
rCorr   .            (gloves currently unavailable)
SInv    .            (boots currently unavailable)
Will    .....        (no amulet)
Stlth   +            u - +6 ring of dexterity
HPRegen 0.28/turn    (no ring)
MPRegen 0.11/turn

%: no passive effects
@: about to teleport, beast-form, hasted, lightly drained, very quick
A: beast (slay +2), high MP 1, forlorn, divine attributes
a: no special abilities


You were on level 5 of the Dungeon.
You were a hulking beast.
You visited 1 branch of the dungeon, and saw 5 of its levels.

You collected 220 gold pieces.

Inventory:

Hand Weapons
 p - a +2 flail of holy wrath
 r - a +0 long sword
Armour
 a - a +0 animal skin
 m - a +0 ring mail (worn)
 w - a +0 helmet
 x - a +0 kite shield (worn)
Magical Staves
 g - a staff of fire
 s - a staff of death
Jewellery
 u - a +6 ring of dexterity (left hand)
Talismans
 c - a beast talisman
Scrolls
 e - a scroll of silence
 f - 2 scrolls of teleportation
 h - a scroll of amnesia
 k - a scroll of poison
 n - a scroll of immolation
 v - a scroll of blinking
 y - a scroll of revelation
Potions
 b - a potion of heal wounds {unknown}
 d - a potion of ambrosia
 i - a potion of degeneration {unknown}
 j - a potion of haste
 l - 2 potions of enlightenment {unknown}
 o - a potion of brilliance {unknown}
 q - a potion of mutation {unknown}


   Skills:
 - Level 1.7 Fighting
 - Level 1.7 Dodging
 * Level 3.1 Shields
 - Level 8.0 Unarmed Combat
 + Level 3.3 Shapeshifting


You had 6 spell levels left.
You didn't know any spells.
Your spell library was empty.

Dungeon Overview and Level Annotations

Branches:
Dungeon (5/15)             Temple (0/1) D:4


Innate Abilities, Weirdness & Mutations

You are a hulking beast.
Your limbs bulge with bestial killing power. (Slay +2)
You have an increased reservoir of magic. (+10% MP)
You shall have no god before yourself.
Your divine heritage dramatically boosts your attributes as you level up.


Message History

You block the wight's attack.
A wight comes into view. It is wielding a +0 great sword.
Things that are here:
a +0 falchion; a +0 robe; 13 gold pieces You barely miss the wight.
You block the wight's attack.
You barely miss the wight. The wight hits you with a +0 dagger.
You punch the wight!
The wight is heavily damaged.
The wight hits you with a +0 dagger.
You feel drained.
You completely miss the wight.
The wight is heavily damaged.
The wight hits you but does no damage.
You barely miss the wight.
The wight is heavily damaged.
You block the wight's attack.
You hit the wight.
The wight is severely damaged.
You block the wight's attack.
You punch the wight!
You destroy the wight!
Your life force feels restored.
You punch the wight!
The wight is severely damaged.
The wight hits you with a +0 scimitar!
You barely miss the wight.
The wight is severely damaged.
You block the wight's attack.
You punch the wight!
You destroy the wight!
Your Shields skill increases to level 3!
Okay, then.
As you read the scroll of teleportation, it crumbles to dust.
You feel strangely unstable.
The wight hits you with a +0 great sword!
* * * LOW HITPOINT WARNING * * *
You feel drained.
* * * LOW HITPOINT WARNING * * *
It was a potion of haste.
You feel yourself speed up.
The wight hits you with a +0 great sword!
You die...

...... #...# ...... ##...#
...z ###....# ..#+##
#≈####.### #...# ≈≈≈##...#
#z..# #≈≈###.### #.).#
#####≈≈###...#
##≈#...#######....≈≈..###.##
#.~.....).zh.'....≈≈........
#.~.....######...~≈~~.##....
#.~.....# #...~~~..##...>
##≈#.)..# #.~.~~~~.##....
#≈##.... #.~~~~~.~##.... #≈
#..... #....≈...##....
#(....# #.~..≈~..######
......# #.~..~~..#
#...~~≈~.#


You could see a wight.

Vanquished Creatures
  Sigmund (D:2)
  A sky beast (D:4)
  2 ogres (D:4)
  3 scorpions
  4 wights (D:5)
  A hound (D:3)
  A sleepcap (D:4)
  An iguana (D:4)
  2 orc wizards (D:3)
  4 gnolls (D:3)
  7 adders
  An ufetubus (D:4)
  A worm (D:3)
  A dart slug (D:1)
  4 orcs
  6 ball pythons
  6 endoplasms
  7 giant cockroaches
  9 goblins
  4 hobgoblins
  7 jackals
  A quokka (D:2)
  9 bats
  6 frilled lizards
  6 kobolds
  2 rats
97 creatures vanquished.

Notes
Turn   | Place    | Note
-------+----------+-------------------------------------------
     0 | D:1      | dolemite99 the Demigod Shapeshifter began the quest for the
                  | Orb.
     0 | D:1      | Reached XP level 1. HP: 17/17 MP: 3/3
    42 | D:1      | Reached skill level 2 in Unarmed Combat
   164 | D:1      | Reached XP level 2. HP: 23/24 MP: 4/4
   538 | D:1      | Reached skill level 3 in Unarmed Combat
   971 | D:2      | Reached XP level 3. HP: 28/29 MP: 5/5
  1619 | D:2      | Noticed Sigmund
  1625 | D:2      | Killed Sigmund
  1626 | D:2      | Reached skill level 5 in Unarmed Combat
  1626 | D:2      | Reached XP level 4. HP: 36/36 MP: 6/6
  1626 | D:2      | Reached XP level 5. HP: 41/41 MP: 7/7
  2840 | D:3      | Reached skill level 6 in Unarmed Combat
  2845 | D:3      | Reached XP level 6. HP: 24/48 MP: 8/8
  4485 | D:4      | Reached skill level 7 in Unarmed Combat
  4732 | D:4      | Reached XP level 7. HP: 49/53 MP: 9/9
  4770 | D:4      | Found a staircase to the Ecumenical Temple.
  5532 | D:4      | Reached skill level 8 in Unarmed Combat
  5611 | D:5      | Entered Level 5 of the Dungeon
  5678 | D:5      | Reached skill level 1 in Shields
  6156 | D:5      | Mangled by a wight

Illustrated notes

Levels and vault maps discovered:
D:1:      erik_arrival_triangle_medium, layout_loops_ring, lemuel_flame_loot_1
D:2:      layout_loops_corners, uniq_sigmund
D:3:      wad_river_or_something, layout_basic,
          mainiacjoe_overflow_large_starburst
D:4:      layout_loops_ring, minmay_temple_entry_glass
D:5:      layout_basic, amethyst_overflow_temple_binary, serial_rivers,
          chequers_serial_rivers_micro_a, chequers_serial_rivers_small_3,
          chequers_serial_rivers_small_3, chequers_serial_rivers_micro_c,
          chequers_serial_rivers_micro_e, chequers_serial_rivers_room_a

Skill      XL: |  1  2  3  4  5  6  7 |
---------------+----------------------+-----
Unarmed Combat | 2 3 5 6 7 8 |  8.0
Shields        | 3 |  3.1
Shapeshifting  | 3 |  3.3
Fighting       | |  1.7
Dodging        | |  1.7

Action                     |  1- 3 |  4- 6 |  7- 9 || total
---------------------------+-------+-------+-------++-------
  Melee: Unarmed           |    91 |   135 |    47 ||   273
         Punch             |     2 |     4 |     1 ||     7
    Use: Scroll            |     4 |     6 |     3 ||    13
         Potion            |     1 |     1 |     1 ||     3
   Stab: Sleeping          |     1 |     1 |       ||     2
 Armour: Animal skin       |    16 |       |       ||    16
         Skin              |     5 |     4 |       ||     9
         Ring mail         |       |    44 |    10 ||    54
  Dodge: Dodged            |    68 |    87 |    14 ||   169
  Block: Kite shield       |       |       |    18 ||    18

Table legend: (Time is in decaauts)
 A = Elapsed time spent in this place.
 B = Non-inter-level travel time spent in this place.
 C = Inter-level travel time spent in this place.
 D = Time resting spent in this place.
 E = Time spent auto-exploring this place.
 F = Levels seen in this place.
 G = Mean time per level.
                   A        B        C        D        E       F      G
               +--------+--------+--------+--------+--------+-----+--------+
         Total |   6137 |   5922 |    215 |   2287 |   2738 |   5 | 1227.4 |
       Dungeon |   6137 |   5922 |    215 |   2287 |   2738 |   5 | 1227.4 |
               +--------+--------+--------+--------+--------+-----+--------+

Top non-repeatable levels by time:
     D:3: 1912 daAuts
     D:4: 1590 daAuts
     D:2: 1230 daAuts
     D:1: 858 daAuts
     D:5: 546 daAuts
